 Dungeon Crawl Stone Soup version 0.28.0-45-g0d030f2227 (webtiles) character file.

Game seed: 12362537452910092085

8706 zeratav the Summoner (level 11, -19/54 HPs)
             Began as a Tengu Summoner on Apr 12, 2022.
             Was a Follower of Kikubaaqudgha.
             Shot with an arrow by a centaur warrior (23 damage)
             ... on level 9 of the Dungeon.
             The game lasted 00:50:04 (13345 turns).

zeratav the Summoner (Tengu Summoner)              Turns: 13345, Time: 00:50:04

Health: -19/54     AC:  8    Str:  8    XL:     11   Next: 35%
Magic:  25/28      EV: 14    Int: 20    God:    Kikubaaqudgha [*.....]
Gold:   543        SH:  5    Dex: 15    Spells: 7/20 levels left

rFire   + . .      SeeInvis .   l - +7 mace "Faimn" {spect, rF+ Will+, mace}
rCold   . . .      Faith    .   (no shield)
rNeg    . . .      Spirit   .   L - +1 robe {Archmagi}
rPois   .          Reflect  +   (helmet restricted)
rElec   .          Harm     .   k - +0 cloak
rCorr   .          Rampage  .   (no gloves)
Will    +....      Archmagi +   (boots unavailable)
Stlth   ++........              M - amulet of reflection
HPRegen 0.18/turn               B - ring of magical power
MPRegen 0.21/turn               A - +4 ring of protection

@: flying quickly and evasively, quick
A: beak, talons 3, nimble flight
a: Renounce Religion, Receive Corpses


You were on level 9 of the Dungeon.
You worshipped Kikubaaqudgha.
Kikubaaqudgha was aware of your devotion.
You visited 2 branches of the dungeon, and saw 10 of its levels.
You also visited: Bailey.

You collected 543 gold pieces.


Innate Abilities, Weirdness & Mutations

You have a beak for a mouth.
You have claws for feet.
Your magical nature lets you fly swiftly and evasively.


   Skills:
 - Level 7.0 Polearms
 - Level 5.0 Armour
 - Level 2.1 Dodging
 - Level 2.0 Stealth
 - Level 5.0 Spellcasting
 - Level 4.0 Hexes
 * Level 14.0 Summonings
 * Level 7.5 Necromancy
 + Level 2.4 Ice Magic


You had 7 spell levels left.
You knew the following spells:

 Your Spells              Type           Power      Damage    Failure   Level
a - Summon Small Mammal   Summ           100%       N/A       1%          1
b - Call Canine Familiar  Summ           75%        N/A       1%          3
c - Summon Guardian Gole  Hex/Summ       57%        N/A       1%          3
d - Summon Lightning Spi  Summ/Air       49%        N/A       6%          4
e - Sublimation of Blood  Necr           51%        N/A       1%          2

Your spell library contained the following spells:

 Spells                   Type           Power      Damage    Failure   Level
 Animate Skeleton         Necr           100%       N/A       1%          1
 Pain                     Necr           100%       1d9       1%          1
 Call Imp                 Summ           75%        N/A       1%          2
 Vampiric Draining        Necr           51%        2d9       1%          3
 Slow                     Hex            100%       N/A       2%          1
 Confusing Touch          Hex            31%        N/A       7%          3
 Agony                    Necr           51%        N/A       14%         5
 Gell's Gravitas          Tloc           7%         N/A       34%         3
 Ignite Poison            Fire/Tmut/Pois 7%         N/A       34%         3
 Mephitic Cloud           Conj/Pois/Air  7%         N/A       34%         3
 Teleport Other           Tloc           7%         N/A       34%         3
 Freezing Cloud           Conj/Ice/Air   6%         6-21      93%         5
 Simulacrum               Ice/Necr       18%        N/A       93%         6
 Fireball                 Conj/Fire      3%         3d4       97%         5
 Iskenderun's Battlesphe  Conj           7%         2d6       97%         5
 Conjure Ball Lightning   Conj/Air       3%         3x3d6     100%        6
 Dispersal                Tloc           3%         N/A       100%        6
 Orb of Destruction       Conj           3%         9d5       100%        7
 Disjunction              Tloc           3%         N/A       100%        8
 Polar Vortex             Ice            11%        N/A       100%        9

Inventory:

Hand Weapons
 l - the +7 mace "Faimn" (weapon) {spect, rF+ Will+, mace}
   (You found it on level 2 of the Dungeon)

   When its wielder attacks, the weapon's spirit leaps out and strikes again.
   The spirit shares a part of any damage it takes with its wielder.
   rF:        It protects you from fire.
   Will:      It increases your willpower.
 C - a +3 spear {polearm}
   (You found it on level 7 of the Dungeon)
 E - a +0 bardiche {polearm}
   (You took it off an orc warrior in a bailey)
 F - a +0 halberd {polearm}
   (You took it off an orc in a bailey)
Armour
 k - a +0 cloak (worn)
   (You took it off Crazy Yiuf on level 2 of the Dungeon)
 r - a +0 robe of positive energy
   (You found it on level 4 of the Dungeon)
 z - a +2 leather armour of fire resistance
   (You took it off Eustachio on level 6 of the Dungeon)
 D - the +1 storm dragon scales "Jeig" {-Tele rElec rF+ rN+ Dex+8, rare}
   (You found it in a bailey)

   Dex:       It affects your dexterity (+8).
   rF:        It protects you from fire.
   rElec:     It insulates you from electricity.
   rN:        It protects you from negative energy.
   -Tele:     It prevents most forms of teleportation.
 I - +0 steam dragon scales
   (You found it on level 7 of the Dungeon)
 L - a +1 robe of the Archmagi (worn)
   (You found it on level 7 of the Dungeon)
Jewellery
 p - a ring of willpower
   (You found it on level 7 of the Dungeon)
 s - a +6 ring of dexterity
   (You found it on level 4 of the Dungeon)
 v - a ring of resist corrosion
   (You found it on level 4 of the Dungeon)
 A - a +4 ring of protection (right hand)
   (You found it on level 6 of the Dungeon)
 B - a ring of magical power (left hand)
   (You found it on level 6 of the Dungeon)
 M - an amulet of reflection (around neck)
   (You found it on level 7 of the Dungeon)
Wands
 n - a wand of paralysis (3)
   (You took it off an orc on level 3 of the Dungeon)
 N - a wand of iceblast (7)
   (You found it on level 7 of the Dungeon)
 O - a wand of flame (15)
   (You found it on level 8 of the Dungeon)
Scrolls
 a - a scroll of amnesia {unknown}
 b - 6 scrolls of identify {unknown}
 c - 4 scrolls of teleportation {unknown}
 d - 3 scrolls of noise {unknown}
 h - 3 scrolls of magic mapping {unknown}
 i - a scroll of immolation {unknown}
 j - a scroll of torment {unknown}
 q - 3 scrolls of vulnerability {unknown}
 x - a scroll of fear {unknown}
 y - 2 scrolls of blinking {unknown}
 Q - a scroll of silence {unknown}
Potions
 e - a potion of berserk rage {unknown}
 f - 2 potions of attraction {unknown}
 g - 4 potions of mutation {unknown}
 m - 3 potions of curing {unknown}
 o - 2 potions of might
 t - a potion of ambrosia {unknown}
 u - 3 potions of haste {@q3}
 w - 3 potions of heal wounds {unknown}
 G - a potion of resistance {unknown}
 H - a potion of invisibility {unknown}
 J - 2 potions of lignification {unknown}
 P - a potion of degeneration {unknown}
Miscellaneous
 K - a tin of tremorstones (2/2) {throwing}
   (You found it on level 7 of the Dungeon)

Dungeon Overview and Level Annotations

Branches:
Dungeon (9/15)             Temple (1/1) D:5            Lair (0/6) D:8
 Bailey (visited)
    Orc: D:9-12

Altars:
Ashenzari
Cheibriados
Dithmenos
Elyvilon
Fedhas
Gozag
Hepliaklqana
Kikubaaqudgha
Makhleb
Nemelex Xobeh
Qazlal
Sif Muna
Trog
Uskayaw
Vehumet
Wu Jian
Xom
Yredelemnul
Zin
The Shining One

Annotations:
D:3 3 runed translucent doors, zeratav's ghost, amateur OpTm
D:6 2 transporters, mrw3rdna's ghost, novice DsAK

#..#.##......#####
#........#..)...##
#.......####)##.##
####.#### #......
#.# ####.## ###.#
#.# #...# #..
###.### .... #.@9#
...# #.### ....#
#☼# ....# #c# #o#
#.# #)# #.#
#.######


You could see a centaur warrior (ally target), an orc warrior and a friendly
guardian golem (summoned).


Message History

The centaur warrior wields a +0 shortbow.
The centaur warrior shoots an arrow.
The arrow hits your guardian golem!! What are your orders? t - Shout!
Orders for allies: a - Attack new target. r - Retreat! s - Stop attacking. g - Guard the area. f - Follow me.
Anything else - Cancel.
Gang up on whom?
Press: ? - help, Dir - move target, f - centaur warrior
Aim: a centaur warrior, wielding a +0 shortbow and quivering arrows Attack!
Your guardian golem overheats!
The centaur warrior shoots an arrow.
The arrow barely misses your guardian golem.
The arrow misses you.
MP[+1]
A white ugly thing comes into view.
The centaur warrior shoots an arrow.
The arrow hits you!
HP[-13]
You take 13 damage, and now have 41/54 hp.
MASSIVE DAMAGE!! (PAUSE) HP[+1]
Something hits your guardian golem. Flame seeps out of your guardian golem.
Something kicks your guardian golem but does no damage.
Your guardian golem is engulfed in blazing flames.
Flame seeps out of your guardian golem.
Something hits your guardian golem but does no damage.
Something kicks your guardian golem but does no damage.
MP[+1]
Things that are here:
a +0 war axe {axe}; a +0 chain mail You hear an explosion!
The fiery explosion engulfs the centaur warrior!!!
The centaur warrior is engulfed in blazing flames.
HP[+1] MP[+1]
Your mp is fully restored (28).
Casting: Summon Guardian Golem (safe; 1% risk of failure)
Confirm with . or Enter, or press ? or * to list all spells.
You feel a surge of power!
A guardian golem appears, shielding your allies.
The white ugly thing claws your guardian golem but does no damage.
MP[-3]
You lost 3 mp, and now have 25/28 mp.
The white ugly thing claws your guardian golem!
The white ugly thing freezes your guardian golem.
Your guardian golem resists.
The white ugly thing claws your guardian golem!
The white ugly thing freezes your guardian golem.
Your guardian golem resists.
The white ugly thing claws your guardian golem but does no damage.
HP[+1] MP[+1]
The white ugly thing claws your guardian golem!
The white ugly thing freezes your guardian golem!
Your guardian golem resists.
Your guardian golem overheats!
The white ugly thing claws your guardian golem!
Your guardian golem disappears in a puff of smoke!
The fiery explosion engulfs the white ugly thing!!!
Casting: Summon Guardian Golem (safe; 1% risk of failure)
Confirm with . or Enter, or press ? or * to list all spells.
You feel a surge of power!
A guardian golem appears, shielding your allies.
The white ugly thing is engulfed in blazing flames.
The white ugly thing dies!
Kikubaaqudgha accepts your kill.
The centaur warrior wields a +0 shortbow.
The centaur warrior shoots an arrow.
The arrow hits you!!
Ouch! That really hurt!
* * * LOW HITPOINT WARNING * * *
Your Summonings skill increases to level 14!
HP[-27] MP[-3]
You take 27 damage, and now have 17/54 hp.
MASSIVE DAMAGE!! (PAUSE)
You lost 3 mp, and now have 23/28 mp.
You swap places.
MP[+1] HP[+1] Unknown command.
MP[+1] HP[+1]
You swap places.
The centaur warrior shoots an arrow.
You reflect the arrow off an invisible shield around you!
The arrow hits the centaur warrior!!
What are your orders? t - Shout!
Orders for allies: a - Attack new target. p - Attack previous target. r - Retreat! s - Stop attacking. g - Guard the area. f - Follow me.
Anything else - Cancel.
Gang up on whom?
Press: ? - help, Dir - move target, f/p - centaur warrior
Aim: a centaur warrior, wielding a +0 shortbow and quivering arrows (almost dead, ally target) Attack!
The centaur warrior shoots an arrow.
The arrow hits you!
* * * LOW HITPOINT WARNING * * *
The centaur warrior shoots an arrow.
The arrow hits you!!
You die...
Kikubaaqudgha rasps: "You have failed me!
Welcome... death!"

Skill      XL: |  1  2  3  4  5  6  7  8  9 10 11 |
---------------+----------------------------------+-----
Summonings     | 5 7 8 9 10 12 13 14 | 14.0
Spellcasting   | 3 4 5 |  5.0
Polearms       | 1 3 4 6 7 |  7.0
Hexes          | 1 2 3 4 |  4.0
Necromancy     | 3 6 7 |  7.5
Armour         | 2 4 5 |  5.0
Ice Magic      | 1 2 |  2.4
Dodging        | |  2.1
Stealth        | |  2.0

Action                   |  1- 3 |  4- 6 |  7- 9 | 10-12 || total
-------------------------+-------+-------+-------+-------++-------
Melee: Unarmed           |     1 |       |       |       ||     1
       Dagger            |    15 |       |       |       ||    15
       Kick              |     5 |     3 |    11 |    10 ||    29
       Peck              |     4 |     2 |     6 |     3 ||    15
       Scythe            |       |     4 |       |       ||     4
       Mace              |       |    14 |    23 |    25 ||    62
       Punch             |       |       |       |     2 ||     2
 Cast: Summon Small Mamm |    40 |    15 |     9 |     3 ||    67
       Call Canine Famil |     3 |    19 |    19 |    22 ||    63
       Summon Guardian G |       |       |    12 |    26 ||    38
       Summon Lightning  |       |       |       |    17 ||    17
       Sublimation of Bl |       |       |       |     3 ||     3
 Stab: Sleeping          |     1 |       |       |     1 ||     2
       Distracted        |       |       |       |     1 ||     1
Armor: Robe              |     6 |     3 |     9 |    15 ||    33
Dodge: Dodged            |    34 |    21 |    40 |    60 ||   155
Block: Other             |       |       |       |    12 ||    12
       Reflection        |       |       |       |     4 ||     4

Levels and vault maps discovered:
D:1:      lemuel_arrival_tunnels, layout_basic,
          chequers_ecumenical_altar_simple, st_stairs_1
D:2:      layout_basic, serial_park_tiny_2, uniq_crazy_yiuf_cottage,
          uniq_sigmund
D:3:      layout_loops_corners, gammafunk_ghost_necromancy, minivault_25
D:4:      nicolae_cairo_tiling_very_big, layout_loops_ring,
          corexii_corridor_pit, uniq_pikel, uniq_duvessa
D:5:      layout_basic, lemuel_temple_firewalk_b, minmay_statues_item
D:6:      layout_loops_corners, gammafunk_ghost_smash, uniq_eustachio
D:7:      minmay_the_grid_octo_triangle [minmay_the_grid_octo_tetromino_candy,
          minmay_the_grid_octo_prize_single_spiral,
          minmay_the_grid_octo_fat_diamond], layout_gridville, enter_bailey_2
D:8:      layout_gridville, lemuel_blue_sif_altar, erik_lair_island
D:9:      layout_loops_cross, elyvilon_altar_4, kennysheep_nondescript,
          minmay_checkerbox, uniq_psyche
Temple:   hc_temple_tempest_star

Notes
Turn   | Place    | Note
-------+----------+-------------------------------------------
     0 | D:1      | zeratav the Tengu Summoner began the quest for the Orb.
     0 | D:1      | Reached XP level 1. HP: 10/10 MP: 4/4
     0 | D:1      | magus.rc [v1.9.6]
   115 | D:1      | Reached skill level 5 in Summonings
   390 | D:1      | Reached XP level 2. HP: 13/15 MP: 4/6
  1079 | D:1      | Found a faded altar of an unknown god.
  1821 | D:2      | Reached XP level 3. HP: 13/19 MP: 7/7
  2053 | D:2      | Learned a level 3 spell: Call Canine Familiar
  2134 | D:2      | Noticed Sigmund
  2171 | D:2      | Killed Sigmund
  2172 | D:2      | Reached skill level 3 in Spellcasting
  2172 | D:2      | Reached skill level 7 in Summonings
  2172 | D:2      | Reached XP level 4. HP: 10/24 MP: 2/10
  2172 | D:2      | Gained mutation: Your magical nature lets you fly swiftly
                  | and evasively. [Tengu growth]
  2172 | D:2      | Reached XP level 5. HP: 12/28 MP: 2/11
  2672 | D:2      | Learned a level 3 spell: Summon Guardian Golem
  2679 | D:2      | Found a runed translucent door.
  2680 | D:2      | Noticed Crazy Yiuf
  2699 | D:2      | Killed Crazy Yiuf
  2700 | D:2      | Reached XP level 6. HP: 32/32 MP: 5/12
  2706 | D:2      | Identified the +7 mace "Faimn" {spect, rF+ Will+}
  3980 | D:3      | Reached skill level 1 in Polearms
  4631 | D:3      | Identified a +0 robe of the Archmagi
  5150 | D:3      | Found a runed translucent gate.
  5151 | D:3      | Found a runed translucent gate.
  5151 | D:3      | Found a runed translucent gate.
  5154 | D:3      | Noticed zeratav's ghost (amateur OpTm)
  5509 | D:4      | Reached skill level 1 in Hexes
  5557 | D:4      | Noticed Dowan
  5560 | D:4      | Noticed Duvessa
  5561 | D:4      | Killed Dowan
  5562 | D:4      | Reached skill level 8 in Summonings
  5562 | D:4      | Reached XP level 7. HP: 36/36 MP: 13/13
  5572 | D:4      | HP: 4/36 [Duvessa/+0 short sword (11)]
  5573 | D:4      | Killed Duvessa
  5574 | D:4      | Reached skill level 2 in Polearms
  5574 | D:4      | Reached skill level 4 in Spellcasting
  5649 | D:4      | HP: 7/36 [black bear (5)]
  6178 | D:4      | Noticed Pikel
  6205 | D:4      | Killed Pikel
  6206 | D:4      | Reached skill level 3 in Polearms
  6206 | D:4      | Reached skill level 2 in Hexes
  6206 | D:4      | Reached skill level 9 in Summonings
  6206 | D:4      | Reached XP level 8. HP: 33/41 MP: 6/15
  6639 | D:5      | Entered Level 5 of the Dungeon
  6757 | D:5      | Noticed a yak
  6758 | D:5      | Noticed a yak
  6759 | D:5      | Noticed a yak
  6767 | D:5      | Noticed a yak
  6776 | D:5      | Killed a yak
  6785 | D:5      | Killed a yak
  6786 | D:5      | Reached skill level 4 in Polearms
  6786 | D:5      | Reached skill level 5 in Spellcasting
  6786 | D:5      | Reached skill level 10 in Summonings
  6788 | D:5      | Killed a yak
  6789 | D:5      | Reached skill level 3 in Hexes
  6805 | D:5      | Killed a yak
  6806 | D:5      | Reached XP level 9. HP: 45/45 MP: 6/17
  6975 | D:5      | Found a staircase to the Ecumenical Temple.
  6984 | Temple   | Entered the Ecumenical Temple
  7072 | Temple   | Became a worshipper of Kikubaaqudgha
  7582 | D:6      | Identified the +9 great mace of the Lair of Beasts {vorpal,
                  | rC++}
  7582 | D:6      | Noticed a two-headed ogre
  7584 | D:6      | Noticed mrw3rdna's ghost (novice DsAK)
  7593 | D:6      | Found a transporter.
  7652 | D:6      | Reached skill level 5 in Polearms
  7780 | D:6      | Reached skill level 11 in Summonings
  8017 | D:6      | Noticed Eustachio
  8049 | D:6      | Killed Eustachio
  8302 | D:6      | Found a transporter.
  8927 | D:7      | Reached skill level 1 in Necromancy
  8957 | D:7      | Reached skill level 1 in Armour
  8957 | D:7      | Reached skill level 4 in Hexes
  9089 | D:7      | Reached skill level 2 in Necromancy
  9140 | D:7      | Found a flagged portal.
  9151 | D:7      | Identified the +6 halberd of Eciovifo {antimagic, *Corrode
                  | rPois Will- Int+6}
  9155 | Bailey   | Entered a bailey
  9199 | Bailey   | Reached skill level 6 in Polearms
  9254 | Bailey   | Reached skill level 2 in Armour
  9254 | Bailey   | Reached skill level 12 in Summonings
  9254 | Bailey   | Reached skill level 3 in Necromancy
  9254 | Bailey   | Reached XP level 10. HP: 30/50 MP: 18/18
  9384 | Bailey   | Noticed an orc knight
  9484 | Bailey   | Killed an orc knight
  9485 | Bailey   | Reached skill level 4 in Necromancy
  9813 | Bailey   | Found a large runed translucent door.
  9813 | Bailey   | Found a large runed translucent door.
  9814 | Bailey   | Noticed a deep elf zephyrmancer
  9854 | Bailey   | Killed a deep elf zephyrmancer
  9855 | Bailey   | Reached skill level 3 in Armour
  9874 | Bailey   | Identified the +1 storm dragon scales "Jeig" {-Tele rElec
                  | rF+ rN+ Dex+8}
  9875 | Bailey   | D - the +1 storm dragon scales "Jeig" {-Tele rElec rF+ rN+
                  | Dex+8, rare}
  9876 | Bailey   | Identified the +1 chain mail "Zumept" {Will+}
  9950 | D:7      | Reached * piety under Kikubaaqudgha
  9950 | D:7      | You add the spells Animate Skeleton, Pain, Sublimation of
                  | Blood and Agony to your library.
  9950 | D:7      | Received a gift from Kikubaaqudgha
  9977 | D:7      | You pick up a book of the Spheres and begin reading...
  9977 | D:7      | You add the spells Iskenderun's Battlesphere, Fireball,
                  | Conjure Ball Lightning and Orb of Destruction to your
                  | library.
 10187 | D:7      | Reached skill level 5 in Necromancy
 10204 | D:7      | You pick up a book of Debilitation and begin reading...
 10204 | D:7      | You add the spells Slow, Vampiric Draining and Confusing
                  | Touch to your library.
 10244 | D:7      | You add the spells Gell's Gravitas, Teleport Other and
                  | Dispersal to your library.
 10309 | D:7      | You pick up a book of the Warp and begin reading...
 10313 | D:7      | Identified a +1 robe of the Archmagi
 10330 | D:7      | You pick up a book of Ice and begin reading...
 10330 | D:7      | You add the spells Freezing Cloud, Simulacrum and Polar
                  | Vortex to your library.
 10342 | D:7      | You add the spells Ignite Poison and Mephitic Cloud to your
                  | library.
 10873 | D:8      | Found a staircase to the Lair.
 10890 | D:8      | Reached skill level 13 in Summonings
 10895 | D:8      | Reached skill level 7 in Polearms
 11544 | D:8      | Reached skill level 4 in Armour
 11605 | D:8      | Learned a level 4 spell: Summon Lightning Spire
 11827 | D:8      | Reached skill level 6 in Necromancy
 12114 | D:8      | Found a shimmering blue altar of Sif Muna.
 12396 | D:9      | Noticed Psyche
 12403 | D:9      | Noticed a two-headed ogre
 12415 | D:9      | Killed a two-headed ogre
 12416 | D:9      | Reached skill level 1 in Ice Magic
 12416 | D:9      | Reached XP level 11. HP: 54/54 MP: 13/19
 12444 | D:9      | Killed Psyche
 12445 | D:9      | Reached skill level 7 in Necromancy
 12445 | D:9      | Reached skill level 2 in Ice Magic
 12647 | D:9      | Found a white marble altar of Elyvilon.
 12659 | D:9      | Learned a level 2 spell: Sublimation of Blood
 13165 | D:9      | Reached skill level 5 in Armour
 13306 | D:9      | Noticed a centaur warrior
 13317 | D:9      | Noticed a white ugly thing
 13334 | D:9      | Killed a white ugly thing
 13335 | D:9      | Reached skill level 14 in Summonings
 13345 | D:9      | HP: 4/54 [centaur warrior/arrow (15)]
 13345 | D:9      | Shot with an arrow by a centaur warrior

Vanquished Creatures
  A deep elf zephyrmancer (Bailey)
  A troll (D:8)
  Sigmund (D:2)
  2 yaks
  Eustachio (D:6)
  A steam dragon (D:6)
  A hornet zombie (D:9)
  An ice beast (D:7)
  A bullfrog (D:7)
  2 killer bees
  A centaur zombie (D:7)
  A centaur skeleton (D:5)
  An orc priest (D:3)
  2 hounds
  A hound skeleton (D:4)
  2 gnolls (D:9)
  A white imp (D:6)
  An adder skeleton (D:4)
  5 orcs
  2 ball pythons
  A bat (D:1)
  3 endoplasms
  A giant cockroach (D:3)
  A goblin (D:3)
  A hobgoblin (D:2)
  A rat (D:2)
37 creatures vanquished.

Vanquished Creatures (collateral kills)
  An orc knight (Bailey)
  Psyche (D:9)
  A wyvern (D:7)
  2 yaks (D:9)
  A steam dragon (D:7)
  An ice beast (D:7)
  A sky beast (D:6)
  An ogre (D:7)
  6 orc warriors (Bailey)
  2 centaurs (D:8)
  A wolf (D:8)
  A phantom (D:7)
  A bullfrog (D:7)
  A wyvern zombie (D:7)
  A gnoll sergeant (D:9)
  A scorpion (D:6)
  Dowan (D:4)
  4 killer bees
  2 wights (D:8)
  2 howler monkeys
  An electric eel (D:8)
  A centaur zombie (D:6)
  A jelly (D:7)
  6 hounds
  Crazy Yiuf (D:2)
  A centaur skeleton (D:7)
  A bullfrog skeleton (D:6)
  A gnoll shaman (D:8)
  An iguana (D:6)
  2 orc wizards (D:7)
  10 gnolls
  A howler monkey skeleton (D:7)
  5 adders
  A shadow imp (D:6)
  2 ufetubi (D:6)
  19 orcs
  6 ball pythons
  4 bats
  3 endoplasms
  2 giant cockroaches
  7 goblins
  5 hobgoblins
  4 jackals (D:2)
  4 quokkas
  3 frilled lizards (D:3)
  2 kobolds
  5 rats
131 creatures vanquished.

Vanquished Creatures (others)
  A two-headed ogre (D:9)
  Pikel (D:4)
  An ugly thing (D:9)
  A troll (D:9)
  A hornet (D:9)
  A shadow (D:6)
  5 yaks
  Duvessa (D:4)
  An orc warrior (D:9)
  An ogre (D:6)
  A black bear (D:4)
  A wight (D:8)
  3 hounds
  A fungus (D:2)
20 creatures vanquished.

Grand Total: 188 creatures vanquished

Table legend:
 A = Non-vault XP
 B = Vault XP
 C = Vault XP percentage of total XP
 D = Non-vault monster count
 E = Vault monster count
 F = Vault count percentage of total count
                 A         B        C        D         E       F
            +---------+---------+-------+---------+---------+-------
      Total |    7054 |    5384 |  43.3 |     151 |      36 |  19.3
            +---------+---------+-------+---------+---------+-------
        D:1 |      29 |       2 |   6.5 |      18 |       1 |   5.3
        D:2 |      43 |     254 |  85.5 |      18 |       2 |  10.0
        D:3 |     179 |       0 |   0.0 |      31 |       0 |   0.0
        D:4 |     306 |     830 |  73.1 |      15 |       3 |  16.7
        D:5 |     854 |       0 |   0.0 |       9 |       0 |   0.0
        D:6 |     958 |     185 |  16.2 |      14 |       1 |   6.7
        D:7 |    1192 |     406 |  25.4 |      14 |       6 |  30.0
        D:8 |     861 |     673 |  43.9 |      19 |       8 |  29.6
        D:9 |    2632 |     983 |  27.2 |      13 |       3 |  18.8
     Bailey |       0 |    2051 | 100.0 |       0 |      12 | 100.0
            +---------+---------+-------+---------+---------+-------

Illustrated notes

Table legend:
 A = Kills in this place as a percentage of kills in entire the game.
 B = Kills by you in this place as a percentage of kills by you in the entire game.
 C = Kills by friends in this place as a percentage of kills by friends in the entire game.
 D = Other kills in this place as a percentage of other kills in the entire game.
 E = Experience gained in this place as a percentage of experience gained in the entire game.
 F = Experience gained in this place divided by the number of levels of this place that you have seen.
                   A       B       C       D       E      F
               +-------+-------+-------+-------+-------+----------------------
         Total | 100.0 | 100.0 | 100.0 | 100.0 | 100.0 | 1130.7
       Dungeon |  93.6 |  97.3 |  91.6 | 100.0 |  83.5 | 1154.1
        Bailey |   6.4 |   2.7 |   8.4 |   0.0 |  16.5 | 2051.0
               +-------+-------+-------+-------+-------+----------------------

Table legend: (Time is in decaauts)
 A = Elapsed time spent in this place.
 B = Non-inter-level travel time spent in this place.
 C = Inter-level travel time spent in this place.
 D = Time resting spent in this place.
 E = Time spent auto-exploring this place.
 F = Levels seen in this place.
 G = Mean time per level.
                   A        B        C        D        E       F      G
               +--------+--------+--------+--------+--------+-----+--------+
         Total |  12824 |  12205 |    619 |   5250 |   2830 |  11 | 1165.8 |
       Dungeon |  11990 |  11386 |    604 |   4899 |   2766 |   9 | 1332.2 |
        Temple |     94 |     79 |     15 |      0 |     63 |   1 |   94.0 |
        Bailey |    739 |    739 |      0 |    351 |      0 |   1 |  739.0 |
               +--------+--------+--------+--------+--------+-----+--------+

Top non-repeatable levels by time:
     D:3: 1873 daAuts
     D:1: 1745 daAuts
     D:2: 1713 daAuts
     D:6: 1605 daAuts
     D:8: 1511 daAuts
     D:4: 1084 daAuts
     D:7: 1058 daAuts
     D:9: 937 daAuts
  Bailey: 739 daAuts
     D:5: 460 daAuts
  Temple: 94 daAuts
